 Dungeon Crawl Stone Soup version 0.31.0 (webtiles) character file.

Game seed: 12135437605135209963

284 Sweeb the Conjurer (level 6, 0/36 HPs)
             Began as an Octopode Conjurer on Jan 19, 2024.
             Was an Initiate of Vehumet.
             Slain by an adder (2 damage)
             ... on level 4 of the Dungeon.
             The game lasted 00:09:06 (3675 turns).

Sweeb the Conjurer (Octopode Conjurer)              Turns: 3675, Time: 00:09:06

Health: 0/36       AC:  1    Str:  7    XL:     6   Next: 29%
Magic:  12/12      EV: 13    Int: 22    God:    Vehumet [......]
Gold:   113        SH:  0    Dex: 10    Spells: 10/13 levels left

rFire   . . .        (no weapon)
rCold   . . .        (no shield)
rNeg    . . .        (helmet restricted)
rPois   .            (no amulet)
rElec   .            (no ring)
rCorr   .            (no ring)
SInv    .            (no ring)
Will    .....        (no ring)
Stlth   ++           (no ring)
HPRegen 0.26/turn    (no ring)
MPRegen 0.13/turn    (no ring)
                     (no ring)

%: no passive effects
@: silenced
A: almost no armour, amphibious, 8 rings, camouflage 1, gelatinous body 1,
(nimble swimmer 1), tentacles
a: Renounce Religion


You were on level 4 of the Dungeon.
You worshipped Vehumet.
Vehumet was noncommittal.
You visited 2 branches of the dungeon, and saw 5 of its levels.

You collected 113 gold pieces.

Inventory:

Jewellery
 c - an amulet of faith
Scrolls
 i - a scroll of torment {unknown}
Potions
 a - a potion of magic
 b - a potion of might {unknown}
 d - 2 potions of heal wounds
 e - 2 potions of mutation {unknown}
 g - 2 potions of curing {unknown}
 h - a potion of enlightenment {unknown}


   Skills:
 + Level 3.5 Dodging
 - Level 2.6 Stealth
 * Level 4.4 Spellcasting
 + Level 5.0 Conjurations


You had 10 spell levels left.
You knew the following spells:

 Your Spells              Type           Power      Damage    Failure   Level
a - Magic Dart            Conj           100%       1d8       1%          1
b - Searing Ray           Conj           52%        2d6       1%          2

Your spell library contained the following spells:

 Spells                   Type           Power      Damage    Failure   Level
 Fugue of the Fallen      Necr           4%         N/A       32%         3
 Ozocubu's Armour         Ice            4%         N/A       32%         3
 Fulminant Prism          Conj/Alch      7%         3d6       36%         4
 Iskenderun's Mystic Bla  Conj/Tloc      15%        2d5       36%         4
 Manifold Assault         Tloc           4%         N/A       71%         4


Dungeon Overview and Level Annotations

Branches:
Dungeon (4/15)             Temple (1/1) D:4

Altars:
Ashenzari
Cheibriados
Dithmenos
Elyvilon
Fedhas
Gozag
Hepliaklqana
Kikubaaqudgha
Makhleb
Nemelex Xobeh
Okawaru
Qazlal
Ru
Sif Muna
Uskayaw
Vehumet
Wu Jian
Xom
Yredelemnul
Zin

Annotations:
D:4 Pargi


Innate Abilities, Weirdness & Mutations

You cannot wear most types of armour.
You are amphibious.
You can wear up to eight rings at the same time.
Your skin changes colour to match your surroundings (Stealth+).
Your rubbery body absorbs attacks. (AC +1, EV +1)
((You are camouflaged when in or above water. (Stealth+)))
You have tentacles for arms and can constrict up to eight enemies at once.


Message History

Found an iron altar of Okawaru.
There is a shimmering blue altar of Sif Muna here.
You curl up in front of the altar of Sif Muna.
Found a snail-covered altar of Cheibriados.
There is a radiant altar of Vehumet here.
You curl up in front of the altar of Vehumet.
Vehumet welcomes you!
You're already at the bottom of this branch!
There is a staircase back to the Dungeon here.
You climb upwards.
Welcome back to the Dungeon!
You hear the sound of rushing water.
There is an entrance to a sewer on this level.
Hurry and find it before the portal rusts away!
Level annotation: Pargi Pargi bites you.
Pargi misses you. Pargi claws you.
There is a staircase to the Ecumenical Temple here.
Okay, then.
As you read the scroll labelled MUSMOE JADUB, it dissolves into smoke.
It was a scroll of fog.
Pargi bites you. Pargi claws you. Pargi barely misses you.
As you read the scroll labelled DIDUOQ FOECYE, it crumbles to dust.
A profound silence engulfs you.
It was a scroll of silence.
Pargi bites you! Pargi closely misses you. Pargi barely misses you.
Pargi attacks as he pursues you! Pargi bites you.
* * * LOW HITPOINT WARNING * * *
Pargi claws you.
* * * LOW HITPOINT WARNING * * *
Pargi barely misses you.
You feel much better. Pargi bites you! Pargi claws you. Pargi misses you.
Pargi attacks as he pursues you! Pargi bites you. Pargi claws you.
Pargi barely misses you.
An adder comes into view.
Pargi attacks as he pursues you! Pargi bites you. Pargi barely misses you.
Pargi claws you.
* * * LOW HITPOINT WARNING * * *
The adder closely misses you. Pargi attacks as he pursues you! Pargi bites you.
* * * LOW HITPOINT WARNING * * *
Pargi claws you.
* * * LOW HITPOINT WARNING * * *
Pargi misses you. The adder bites you.
You die...

.... # ..8. #. #....
###.. ##. #.#
.....##..##§## ##.#
.##.....##§§§##.g...
.....$8..§§§§...8..
.......T##§§§##....#
.#.#.##.@##§##..##..
# ##.S#.#..##..#
##.....##..#
...#..8..#..######
#...............#
######..#.......#
#####...##.......#
#................#
#................#


You could see Pargi and an adder.

Vanquished Creatures
  Blork the orc (D:4)
  2 bombardier beetles
  A gnoll (D:1)
  7 adders
  A ribbon worm (D:2)
  An orc (D:3)
  4 endoplasms
  2 giant cockroaches
  6 goblins
  4 hobgoblins
  9 jackals (D:1)
  4 quokkas
  9 ball pythons
  11 bats
  3 frilled lizards (D:1)
  8 kobolds
  7 rats
80 creatures vanquished.

Notes
Turn   | Place    | Note
-------+----------+-------------------------------------------
     0 | D:1      | Sweeb the Octopode Conjurer began the quest for the Orb.
     0 | D:1      | Reached XP level 1. HP: 11/11 MP: 3/3
   107 | D:1      | You fall into a shaft and drop 1 floor!
   231 | D:2      | Reached XP level 2. HP: 17/17 MP: 3/5
   485 | D:2      | Reached XP level 3. HP: 21/21 MP: 2/7
   702 | D:2      | Learned a level 2 spell: Searing Ray
   771 | D:2      | Reached XP level 4. HP: 27/27 MP: 4/8
  2267 | D:2      | Reached XP level 5. HP: 31/31 MP: 1/10
  2982 | D:3      | Found a sparkling altar of Nemelex Xobeh.
  3201 | D:3      | Found a faded altar of an unknown god.
  3447 | D:4      | Noticed Blork the orc
  3454 | D:4      | Killed Blork the orc
  3455 | D:4      | Reached skill level 5 in Conjurations
  3455 | D:4      | Reached XP level 6. HP: 29/36 MP: 2/12
  3622 | D:4      | Found a staircase to the Ecumenical Temple.
  3624 | D:4      | Noticed Pargi
  3631 | Temple   | Entered the Ecumenical Temple
  3657 | Temple   | Became a worshipper of Vehumet
  3675 | D:4      | Slain by an adder

Illustrated notes

Levels and vault maps discovered:
D:1:      dpeg_arrival_subterranean_lakeside_camping, layout_basic
D:2:      cheibrodos_old_hovel, layout_basic
D:3:      layout_basic, nemelex_dance_club_becter, basic_ecumenical_altar,
          minmay_tree_intersection, minmay_misc_feat_alley
D:4:      layout_basic, minmay_temple_entry_waves, gup_sewer_entry_bowl,
          hangedman_decor_clover_reticule, minmay_bent, uniq_sigmund,
          uniq_blork_the_orc, uniq_pargi
Temple:   compressed_dpeg_triangle_lava_temple

Skill      XL: |  1  2  3  4  5 |
---------------+----------------+-----
Spellcasting   | 3 4 |  4.4
Dodging        | 3 |  3.5
Conjurations   | 5 |  5.0
Stealth        | |  2.6

Action                     |  1- 3 |  4- 6 || total
---------------------------+-------+-------++-------
  Melee: Unarmed           |     2 |    10 ||    12
         Tentacles         |     1 |     4 ||     5
         Constrict         |       |     3 ||     3
   Cast: Magic Dart        |    37 |   112 ||   149
         Searing Ray       |       |     5 ||     5
    Use: Scroll            |     1 |     6 ||     7
         Potion            |       |     1 ||     1
 Armour: Skin              |     2 |    22 ||    24
  Dodge: Dodged            |     3 |    19 ||    22
